 Dungeon Crawl Stone Soup version 0.31.0 (webtiles) character file.

Game seed: 2481350737586110380

212 qw the Shooter (level 5, -4/33 HPs)
             Began as a Gargoyle Hunter on Jan 19, 2024.
             Killed from afar by an orc wizard (7 damage)
             ... with a magic dart
             ... on level 2 of the Dungeon.
             The game lasted 00:00:10 (1857 turns).

qw the Shooter (Gargoyle Hunter)                    Turns: 1857, Time: 00:00:11

Health: -4/33      AC:  9    Str: 14    XL:     5   Next: 89%
Magic:  5/5        EV: 11    Int: 10    God:
Gold:   187        SH:  0    Dex: 15    Spells: 4/4 levels left

rFire   . . .        a - +0 shortbow
rCold   + . .        (shield currently unavailable)
rNeg    + . .        d - +0 ring mail
rPois   inf          (no helmet)
rElec   +            (no cloak)
rCorr   .            (no gloves)
SInv    .            (no boots)
Will    .....        (no amulet)
Stlth   +            g - ring of protection from cold
HPRegen 0.25/turn    c - +4 ring of slaying {mikee}
MPRegen 0.09/turn

%: no passive effects
@: no status effects
A: sickness immunity, AC +4, negative energy resistance 1, electricity
resistance, torment resistance 1, petrification resistance
a: no special abilities


You were on level 2 of the Dungeon.
You visited 1 branch of the dungeon, and saw 5 of its levels.

You collected 187 gold pieces.


Innate Abilities, Weirdness & Mutations

You are immune to sickness and miasma.
Your stone body is resilient. (AC +4)
You are immune to poison.
You resist negative energy. (rN+)
You are resistant to electric shocks. (rElec)
You are resistant to unholy torment.
You are immune to petrification.


   Skills:
 + Level 3.8 Fighting
 - Level 6.0 Ranged Weapons
 - Level 1.6 Armour
 - Level 1.5 Dodging
 - Level 1.1 Stealth


You had 4 spell levels left.
You didn't know any spells.
Your spell library was empty.

Inventory:

Hand Weapons
 a - a +0 shortbow (weapon)
Armour
 d - a +0 ring mail (worn)
 e - the +0 helmet of Lucidity {Will+}
   (You took it off Robin on level 3 of the Dungeon)

   Will+:     It increases your willpower.
 h - a +0 pair of gloves
Jewellery
 c - a +4 ring of slaying (right hand) {mikee}
 g - a ring of protection from cold (left hand)
 l - a ring of ice
Wands
 f - a wand of polymorph (7)
Scrolls
 b - 3 scrolls of teleportation
 j - a scroll of noise {unknown}
Potions
 i - a potion of berserk rage {unknown}
 k - a potion of haste {unknown}

Dungeon Overview and Level Annotations

Branches:
Dungeon (5/15)
 Temple: D:4-7

Altars:
Ashenzari
Yredelemnul

Shops:
D:1 (


Message History

A puff of flame appears from out of thin air!
The puff of flame hits you!
You climb upwards.
Reactivating autopickup.
There is a stone staircase leading down here.
Enter note:
Enter note:
Enter note:
Enter note:
Enter note:
Enter note:
Enter note:
Enter note:
Enter note:
Enter note:
Enter note:
Enter note:
Enter note:
Enter note:
Enter note:
Enter note:
Enter note:
Enter note:
Enter note: Something hits you but does no damage.
Deactivating autopickup; reactivate with Ctrl-A.
An orc wizard appears from thin air!
Reactivating autopickup.
The orc wizard casts a spell at you. The puff of flame hits you.
You shoot an arrow.
The arrow closely misses the orc wizard.
The orc wizard gestures at you while chanting.
The magic dart hits you!
The orc wizard mumbles some strange words.
The orc wizard flickers and vanishes!
Deactivating autopickup; reactivate with Ctrl-A.
A magic dart appears from out of thin air!
The magic dart hits you!
You die...

#######.###.#.#.##.#
##...#...###.###%%..#
##.........##.......##
#...........#...#####
#...........#.###
#...>.........## #####
##...{.....##..####
#....
##.......####...>#
#..^. ##....@..#
####.# #.... #......%#
#.###.... #.......####
#...#.... ##.........#
##.#####.
##.....###.#####.###.#
#.......##.....##.#.##
#.......###..####...##
#.......# ##..........
##.....## ######...##


There were no monsters in sight!

Vanquished Creatures
  A gnoll bouda (D:5)
  2 iguanas
  Robin (D:3)
  2 adders (D:2)
  3 gnolls (D:5)
  A ribbon worm (D:2)
  3 orcs (D:3)
  6 bats
  7 endoplasms
  A giant cockroach (D:4)
  12 goblins
  10 hobgoblins
  A quokka (D:2)
  5 ball pythons
  10 kobolds
  2 rats (D:1)
67 creatures vanquished.

Notes
Turn   | Place    | Note
-------+----------+-------------------------------------------
     0 | D:1      | qw the Gargoyle Hunter began the quest for the Orb.
     0 | D:1      | Reached XP level 1. HP: 12/12 MP: 1/1
     0 | D:1      | 0 ||| qw: Version: 0.3-a-132-g3d54051
     0 | D:1      | 0 ||| qw: Game counter: 83
     0 | D:1      | 0 ||| qw: Melee chars always use a shield: true
     0 | D:1      | 0 ||| qw: God list: Okawaru
     0 | D:1      | 0 ||| qw: Allow faded altars: false
     0 | D:1      | 0 ||| qw: Do Orc after clearing Dungeon:15 true
     0 | D:1      | 0 ||| qw: Do second Lair branch before Depths: true
     0 | D:1      | 0 ||| qw: Lair rune preference: random
     0 | D:1      | 0 ||| qw: Goals: Normal
     0 | D:1      | 0 ||| PLANNING D:1-11
    90 | D:1      | Found Kytaej's Antique Weapon Shop.
    97 | D:1      | 97 ||| SHOPLISTING runed shortbow (132 gold, have 12).
   163 | D:1      | HP: 1/12 [kobold/+0 short sword (4)]
   168 | D:1      | Reached XP level 2. HP: 4/17 MP: 2/2
   463 | D:1      | Found a faded altar of an unknown god.
   614 | D:1      | 614 ||| UPGRADING to +0 ring mail.
   624 | D:1      | 624 ||| DROPPING +0 leather armour.
   625 | D:1      | 625 ||| UPGRADING to ring of protection from cold.
   626 | D:1      | 626 ||| READING 3 scrolls labelled CEOGEU GEZ MAI.
   626 | D:1      | 626 ||| IDENTIFYING green potion
   627 | D:1      | 627 ||| READING 2 scrolls of identify.
   627 | D:1      | 627 ||| IDENTIFYING scroll labelled EDOIREFIHE
   628 | D:1      | 628 ||| DROPPING scroll of butterflies.
   629 | D:1      | 629 ||| DROPPING potion of lignification.
   630 | D:1      | 630 ||| DROPPING scroll of immolation.
   733 | D:2      | Reached skill level 1 in Armour
   733 | D:2      | Reached XP level 3. HP: 21/21 MP: 3/3
   858 | D:2      | Found a basalt altar of Yredelemnul.
   928 | D:2      | Reached skill level 5 in Ranged Weapons
   987 | D:2      | 987 ||| FLEEEEING.
  1083 | D:2      | Reached XP level 4. HP: 27/27 MP: 4/4
  1091 | D:2      | 1091 ||| UPGRADING to +4 ring of slaying {mikee}.
  1092 | D:2      | 1092 ||| READING 2 scrolls of identify.
  1092 | D:2      | 1092 ||| IDENTIFYING fuming cyan potion
  1093 | D:2      | 1093 ||| READING scroll of identify.
  1093 | D:2      | 1093 ||| IDENTIFYING scroll labelled ABUYPS AFOBAF
  1094 | D:2      | 1094 ||| READING 2 scrolls labelled MUXEUNK UTRA.
  1097 | D:2      | 1097 ||| DROPPING scroll of blinking.
  1098 | D:2      | 1098 ||| DROPPING potion of degeneration.
  1148 | D:3      | Identified the +0 helmet of Lucidity {Will+}
  1148 | D:3      | Noticed Robin
  1161 | D:3      | Killed Robin
  1162 | D:3      | Reached skill level 3 in Fighting
  1474 | D:3      | You fall into a shaft and drop 2 floors!
  1474 | D:5      | Entered Level 5 of the Dungeon
  1492 | D:5      | Reached XP level 5. HP: 14/32 MP: 5/5
  1600 | D:5      | Reached skill level 6 in Ranged Weapons
  1616 | D:5      | 1616 ||| FLEEEEING.
  1623 | D:5      | 1623 ||| STAIRDANCE
  1686 | D:4      | Found a broken altar of Ashenzari.
  1733 | D:4      | 1733 ||| FLEEEEING.
  1736 | D:4      | 1736 ||| STAIRDANCE
  1827 | D:3      | 1827 ||| Stepping ~*~*~tactically~*~*~ (cloud).
  1828 | D:3      | 1828 ||| FLEEEEING.
  1839 | D:3      | 1839 ||| FLEEEEING.
  1850 | D:3      | 1850 ||| FLEEEEING.
  1851 | D:3      | 1851 ||| STAIRDANCE
  1856 | D:2      | HP: 3/33 [orc wizard/magic dart (7)]
  1857 | D:2      | Killed from afar by an orc wizard

Levels and vault maps discovered:
D:1:      lightli_arrival_farm, layout_rooms,
          shapermc_ecumenical_altar_rom_forum, serial_shops, shop
D:2:      layout_rooms, basic_altar, hex_intersection, minmay_pentomino_u4
D:3:      minmay_goblin_kobold_castle, layout_rooms, uniq_robin
D:4:      layout_basic, lemuel_doored_altar, temple_fountains,
          serial_co_window_serial, co_window_paths_a,
          co_window_of_opportunity_a, co_window_of_opportunity_a,
          co_window_paths_b, co_window_paths_a, co_window_corner_ca,
          co_window_2corner, co_window_unsneaky_path_e, co_window_paths_d,
          glass_columns_a, glass_columns_b, glass_columns_a, glass_columns_b,
          glass_columns_a, minivault_27
D:5:      kb_forest_paths, layout_loops_ring

Skill      XL: |  1  2  3  4  5 |
---------------+----------------+-----
Armour         | 1 |  1.6
Ranged Weapons | 5 6 |  6.0
Fighting       | 3 |  3.8
Dodging        | |  1.5
Stealth        | |  1.1

Action                     |  1- 3 |  4- 6 || total
---------------------------+-------+-------++-------
   Fire: Shortbow          |   125 |    98 ||   223
    Use: Scroll            |     2 |     3 ||     5
 Armour: Leather armour    |    13 |       ||    13
         Ring mail         |    38 |    64 ||   102
  Dodge: Dodged            |    51 |    28 ||    79

Table legend:
 A = Non-vault XP
 B = Vault XP
 C = Vault XP percentage of total XP
 D = Non-vault monster count
 E = Vault monster count
 F = Vault count percentage of total count
                 A         B        C        D         E       F
            +---------+---------+-------+---------+---------+-------
      Total |     262 |      41 |  13.5 |      50 |      17 |  25.4
            +---------+---------+-------+---------+---------+-------
        D:1 |      21 |       0 |   0.0 |      13 |       0 |   0.0
        D:2 |      56 |       5 |   8.2 |      18 |       3 |  14.3
        D:3 |      20 |      36 |  64.3 |       9 |      14 |  60.9
        D:4 |      45 |       0 |   0.0 |       5 |       0 |   0.0
        D:5 |     120 |       0 |   0.0 |       5 |       0 |   0.0
            +---------+---------+-------+---------+---------+-------
